 Dungeon Crawl Stone Soup version 0.24-a0-441-g27f0392e16 (webtiles) character file.

Game seed: 6432215331827437210

221 galech the Shield-Bearer (level 5, -1/42 HPs)
             Began as a Demonspawn Fighter on June 19, 2019.
             Slain by an orc wizard
             ... wielding a +0 dagger
              (5 damage)
             ... on level 3 of the Dungeon.
             The game lasted 00:03:04 (2577 turns).

galech the Shield-Bearer (Demonspawn Fighter)       Turns: 2577, Time: 00:03:05

Health: -1/42      AC:  6    Str: 21    XL:     5   Next: 65%
Magic:  5/5        EV:  7    Int: 13    God:
Gold:   99         SH: 10    Dex: 14    Spells: 4/4 levels left

rFire    + . .     SeeInvis .   a - +0 war axe
rCold    . . .     Gourm    .   c - +0 shield
rNeg     . . .     Faith    .   b - +0 scale mail
rPois    .         Spirit   .   (no helmet)
rElec    .         Reflect  .   (no cloak)
rCorr    .         Harm     .   (no gloves)
MR       .....                  (no boots)
Stlth    ..........             (no amulet)
HPRegen  0.14/turn              e - ring of protection from fire
MPRegen  0.09/turn              k - +4 ring of intelligence

@: mighty
A: claws 1, powered by death 1
a: no special abilities


You were on level 3 of the Dungeon.
You were not hungry.

You visited 1 branch of the dungeon, and saw 3 of its levels.

You collected 99 gold pieces.

Inventory:

Hand Weapons
 a - a +0 war axe (weapon)
Armour
 b - a +0 scale mail (worn)
 c - a +0 shield (worn)
Jewellery
 e - a ring of protection from fire (left claw)
 k - a +4 ring of intelligence (right claw)
 n - a +4 ring of intelligence
 p - a +2 ring of intelligence
Scrolls
 h - 4 scrolls of magic mapping {unknown}
 i - a scroll of teleportation {unknown}
 l - 5 scrolls of remove curse {unknown}
 m - a scroll of fear {unknown}
 o - a scroll of enchant weapon {unknown}
Potions
 j - a potion of haste {unknown}
Comestibles
 f - 2 rations
 g - 8 chunks of flesh


   Skills:
 + Level 3.6 Fighting
 + Level 3.5 Axes
 + Level 3.5 Armour
 + Level 0.3 Dodging
 + Level 3.8 Shields


You had 4 spell levels left.
You didn't know any spells.
Your spell library was empty.

Dungeon Overview and Level Annotations

Branches:
Dungeon (3/15)

Altars:
Makhleb


Innate Abilities, Weirdness & Mutations

You have sharp fingernails.
You regenerate a little health from kills.


Message History

The orc barely misses you.
The orc priest mumbles some strange prayers to Beogh against you.
Pain shoots through your body!
* * * LOW HITPOINT WARNING * * *
You block the orc wizard's attack. The orc hits you but does no damage.
You slice the orc priest!!
You kill the orc priest!
You hit the orc wizard but do no damage.
You completely miss the orc.
The orc wizard hits you but does no damage.
The orc hits you with a +0 hand axe.
* * * LOW HITPOINT WARNING * * *
You closely miss the orc wizard.
The orc wizard is heavily wounded.
Your shield prevents you from hitting the orc.
The orc wizard hits you but does no damage.
The orc hits you with a +0 hand axe.
* * * LOW HITPOINT WARNING * * *
The orc wizard hits you with a +0 dagger.
You die...

##..............##
#................#
#................#
#................#
#................. #
#................. ...
#.................
#...###)......>........
#..o@......##........
####)o#########......
.......# #......
..#####.. ####.....
.(## ##.###.÷....÷. #
####.............
......#..#.......
##.##..##..<.... #...
#.#.÷###.......


You could see an orc wizard and an orc.

Vanquished Creatures
  An orc priest (D:3)
  A hound (D:2)
  Jessica (D:2)
  4 gnolls (D:2)
  3 adders
  A worm (D:2)
  2 leopard geckos
  2 orcs (D:3)
  2 giant cockroaches
  8 goblins
  6 hobgoblins
  7 jackals
  4 kobolds (D:1)
  2 quokkas
  A ball python (D:1)
  10 bats
  4 frilled lizards
  7 rats
66 creatures vanquished.

Notes
Turn   | Place    | Note
-------+----------+-------------------------------------------
     0 | D:1      | galech the Demonspawn Fighter began the quest for the Orb.
     0 | D:1      | Reached XP level 1. HP: 18/18 MP: 1/1
   292 | D:1      | Gained mutation: You have sharp fingernails. [demonic
                  | ancestry]
   292 | D:1      | Reached XP level 2. HP: 20/24 MP: 2/2
   841 | D:2      | Gained mutation: You regenerate a little health from kills.
                  | [demonic ancestry]
   841 | D:2      | Reached XP level 3. HP: 29/29 MP: 3/3
  1518 | D:2      | Reached XP level 4. HP: 32/35 MP: 4/4
  2129 | D:2      | Noticed Jessica
  2143 | D:2      | Killed Jessica
  2189 | D:2      | Reached XP level 5. HP: 31/42 MP: 5/5
  2263 | D:2      | Found a burning altar of Makhleb.
  2577 | D:3      | Slain by an orc wizard

Levels and vault maps discovered:
D:1:      matt_arrival_diagonals, layout_basic, minmay_misc_feat_rugged
D:2:      layout_basic, makhleb_heckhound_becter, uniq_jessica
D:3:      layout_rooms, first_ration

Skill      XL: |  1  2  3  4 |
---------------+-------------+-----
Axes           | 2 3 |  3.5
Armour         | 3 |  3.5
Shields        | 3 |  3.8
Fighting       | |  3.6
Dodging        | |  0.3

Action                   |  1- 3 |  4- 6 || total
-------------------------+-------+-------++-------
Melee: War axe           |   145 |    95 ||   240
  Use: Potion            |     1 |     2 ||     3
  Eat: Chunk             |     2 |     4 ||     6
Armor: Scale mail        |    85 |    42 ||   127
Dodge: Dodged            |    37 |    35 ||    72
Block: Shield            |    91 |    66 ||   157

Table legend:
 A = Non-vault XP
 B = Vault XP
 C = Vault XP percentage of total XP
 D = Non-vault monster count
 E = Vault monster count
 F = Vault count percentage of total count
                 A         B        C        D         E       F
            +---------+---------+-------+---------+---------+-------
      Total |     239 |      77 |  24.4 |      64 |       2 |   3.0
            +---------+---------+-------+---------+---------+-------
        D:1 |      39 |       0 |   0.0 |      24 |       0 |   0.0
        D:2 |     113 |      77 |  40.5 |      21 |       2 |   8.7
        D:3 |      87 |       0 |   0.0 |      19 |       0 |   0.0
            +---------+---------+-------+---------+---------+-------
